Thrashers vs Penguins

Created - October 12 2010 at 18:46

Goals
1 2 3 T
Thrashers 0 1 0 1
Penguins 2 1 0 3
Shots
1 2 3 T
Thrashers 8 3 6 17
Penguins 16 10 4 30

Period #1

1. Penguins , Brooks Orpik 1 (Sami Salo, Evgeni Malkin) at 12:00 (PP)
2. Penguins , Martin Hanzal 1 (Tanner Glass, Patrick Sharp) at 14:01

Penalties :
Rene Bourque (ATL) for Goalie Interference (Minor) at 0:34, Mark Giordano (ATL) for Tripping (Minor) at 7:15, Rene Bourque (ATL) for Tripping (Minor) at 9:28, Antoine Vermette (ATL) for Interference (Minor) at 10:21, Pascal Dupuis (PIT) for Hooking (Minor) at 14:08

Period #2

3. Thrashers , Antoine Vermette 1 (Guillaume Latendresse, Sergei Gonchar) at 1:51
4. Penguins , Sami Salo 1 (Martin Hanzal, Brooks Orpik) at 3:42 (PP)

Penalties :
Jordan Staal (ATL) for Roughing (Minor) at 2:59, Pavel Kubina (PIT) for Holding (Minor) at 7:27, Brooks Orpik (PIT) for Tripping (Minor) at 10:30, P.K. Subban (ATL) for Roughing (Minor) at 13:57, Jordan Staal (ATL) for Cross-checking (Minor) at 15:03, Troy Bodie (PIT) for Hooking (Minor) at 19:34

Period #3

No Goal

Penalties :
John-Michael Liles (PIT) for Tripping (Minor) at 3:44, Mark Giordano (ATL) for Boarding (Minor) at 6:13, Ryan Suter (ATL) for Interference (Minor) at 18:58

Goalie Stats

Roberto Luongo (ATL), 27 saves from 30 shots - (0.900), L, 1-1-0, 60:00 minutes
Marc-Andre Fleury (PIT), 16 saves from 17 shots - (0.941), W, 1-1-1, 60:00 minutes

Players Stats

Thrashers
Player Name              G  A  P  +/- PIM S  H  SB FO    MP 
------------------------------------------------------------
Antoine Vermette         1  0  1   1  2   3  0  0  10/14 19 
Benoit Pouliot           0  0  0   0  0   1  0  0  0/0   12 
Brad Boyes               0  0  0   0  0   0  0  0  2/2   4  
Brenden Morrow           0  0  0   0  0   0  2  0  4/7   16 
Christian Ehrhoff        0  0  0  -1  0   2  0  0  0/0   23 
Dan Girardi              0  0  0  -1  0   0  3  3  0/0   18 
Guillaume Latendresse    0  1  1   1  0   1  1  0  0/0   15 
Jordan Staal             0  0  0   1  4   0  3  1  7/13  16 
Marc Staal               0  0  0   0  0   0  0  1  0/0   13 
Mark Giordano            0  0  0   0  4   0  3  1  0/0   12 
Mike Ribeiro             0  0  0  -1  0   2  0  0  7/18  17 
Nik Antropov             0  0  0   0  0   2  0  0  17/32 21 
P.K. Subban              0  0  0   1  2   0  1  1  0/0   14 
Rene Bourque             0  0  0  -1  4   1  1  0  0/0   16 
Ryan Callahan            0  0  0  -1  0   3  4  0  1/2   16 
Ryan Malone              0  0  0   0  0   1  5  0  2/3   14 
Ryan Suter               0  0  0   0  2   1  1  1  0/0   17 
Sergei Gonchar           0  1  1   1  0   0  1  1  0/0   22 
Penguins
Player Name              G  A  P  +/- PIM S  H  SB FO    MP 
------------------------------------------------------------
Brad Richards            0  0  0  -1  0   3  0  0  15/30 23 
Brooks Orpik             1  1  2   0  2   2  2  0  0/0   21 
Evgeni Malkin            0  1  1  -1  0   3  0  0  2/4   19 
Joel Ward                0  0  0  -1  0   3  0  0  0/0   10 
John Tavares             0  0  0   0  0   2  0  0  5/13  11 
John-Michael Liles       0  0  0   1  2   1  0  0  0/0   12 
Marian Hossa             0  0  0   0  0   0  2  1  3/10  15 
Mark Eaton               0  0  0   0  0   0  0  0  0/0   8  
Mark Parrish             0  0  0   0  0   2  0  0  1/1   11 
Martin Hanzal            1  1  2   1  0   3  2  1  13/28 22 
Pascal Dupuis            0  0  0   0  2   0  1  0  1/3   17 
Patrick Sharp            0  1  1   1  0   3  0  1  0/1   20 
Pavel Kubina             0  0  0  -1  2   0  2  3  0/0   22 
Rob Blake                0  0  0  -1  0   0  0  0  0/0   18 
Sami Salo                1  1  2   0  0   3  0  3  0/0   20 
Tanner Glass             0  1  1   1  0   0  1  0  1/1   13 
Troy Bodie               0  0  0   0  2   2  0  0  0/0   11 
Zach Bogosian            0  0  0   1  0   3  1  0  0/0   17 

3 Stars

1 - Martin Hanzal (PIT)
2 - Sami Salo (PIT)
3 - Brooks Orpik (PIT)

Power Play

Thrashers - 0 on 5 Attempt(s) - 0.00%
Penguins - 2 on 9 Attempt(s) - 22.22%

Penalty Kill

Thrashers - 7 on 9 Attempt(s) - 77.78% - Score 0 goal in Penalty Kill
Penguins - 5 on 5 Attempt(s) - 100.00% - Score 0 goal in Penalty Kill

Game Notes

Marian Hossa is injured at 3:50 of 3rd period (Abdominal Strain)

Finance

Level 1 -- Attendance: 4303 (66.20%) -- Ticket Income $443,209.00
Level 2 -- Attendance: 3130 (62.60%) -- Ticket Income $203,450.00
Level 3 -- Attendance: 2574 (73.54%) -- Ticket Income $97,812.00
Level 4 -- Attendance: 2087 (100.00%) -- Ticket Income $41,740.00
Luxury Box -- Attendance: 755 (75.50%) -- Ticket Income $162,325.00
Game was played at the Consol Energy Center
Total Attendance: 12849 (71.04%)
Total Ticket Income: $968,175.30
Other Income: $212,100.90
Total Income: $1,180,276.00


Play by Play

Period #1

0:01 of 1st period - Jordan Staal wins face-off versus Evgeni Malkin in neutral zone.
0:16 of 1st period - Shot by Brad Richards.
0:16 of 1st period - Shot Misses the Net.
0:18 of 1st period - Shot by Joel Ward.
0:18 of 1st period - Stopped by Roberto Luongo without a rebound.
0:19 of 1st period - Ryan Callahan wins face-off versus John Tavares in Thrashers zone.
0:28 of 1st period - Shot by Christian Ehrhoff.
0:28 of 1st period - Stopped by Marc-Andre Fleury without a rebound.
0:29 of 1st period - Martin Hanzal wins face-off versus Nik Antropov in Penguins zone.
0:29 of 1st period - Martin Hanzal is hit by Ryan Malone.
0:32 of 1st period - Icing by John-Michael Liles.
0:33 of 1st period - Martin Hanzal wins face-off versus Mike Ribeiro in Penguins zone.
0:33 of 1st period - Martin Hanzal is hit by Rene Bourque.
0:34 of 1st period - Minor Penalty to Rene Bourque for Goalie Interference.
0:35 of 1st period - Antoine Vermette wins face-off versus Marian Hossa in Thrashers zone.
0:35 of 1st period - Antoine Vermette is hit by Pascal Dupuis.
0:51 of 1st period - Shot by Pavel Kubina.
0:51 of 1st period - Shot Misses the Net.
1:46 of 1st period - Shot by Joel Ward.
1:46 of 1st period - Stopped by Roberto Luongo without a rebound.
1:47 of 1st period - Antoine Vermette wins face-off versus Martin Hanzal in Thrashers zone.
2:02 of 1st period - Icing by Sami Salo.
2:03 of 1st period - Martin Hanzal wins face-off versus Brenden Morrow in Penguins zone.
2:11 of 1st period - Martin Hanzal is hit by Dan Girardi and loses puck.
2:46 of 1st period - Icing by Patrick Sharp.
2:47 of 1st period - Nik Antropov wins face-off versus Brad Richards in Penguins zone.
3:09 of 1st period - Off-side.
3:10 of 1st period - Jordan Staal wins face-off versus Marian Hossa in neutral zone.
3:19 of 1st period - Shot by Antoine Vermette.
3:19 of 1st period - Stopped by Marc-Andre Fleury without a rebound.
3:20 of 1st period - John Tavares wins face-off versus Mike Ribeiro in Penguins zone.
3:20 of 1st period - Marian Hossa is hit by Ryan Callahan and loses puck.
3:39 of 1st period - Shot by Rene Bourque.
3:39 of 1st period - Shot Misses the Net.
3:41 of 1st period - Shot by Dan Girardi.
3:41 of 1st period - Shot Blocked by Sami Salo.
3:47 of 1st period - Shot by Mike Ribeiro.
3:47 of 1st period - Shot Blocked by Sami Salo.
3:51 of 1st period - Shot by Ryan Callahan.
3:51 of 1st period - Stopped by Marc-Andre Fleury without a rebound.
3:52 of 1st period - Tanner Glass wins face-off versus Jordan Staal in Penguins zone.
4:07 of 1st period - Shot by Patrick Sharp.
4:07 of 1st period - Stopped by Roberto Luongo without a rebound.
4:08 of 1st period - Nik Antropov wins face-off versus Brad Richards in Thrashers zone.
4:28 of 1st period - Rob Blake is hit by Mark Giordano and loses puck.
4:46 of 1st period - Shot by Ryan Malone.
4:46 of 1st period - Shot Misses the Net.
5:21 of 1st period - Shot by Patrick Sharp.
5:21 of 1st period - Shot Blocked by Sergei Gonchar.
6:06 of 1st period - Icing by Dan Girardi.
6:07 of 1st period - John Tavares wins face-off versus Mike Ribeiro in Thrashers zone.
6:08 of 1st period - Shot by Marian Hossa.
6:08 of 1st period - Deflect By John Tavares.
6:08 of 1st period - Stopped by Roberto Luongo without a rebound.
6:09 of 1st period - Mike Ribeiro wins face-off versus John Tavares in Thrashers zone.
6:44 of 1st period - Shot by Mike Ribeiro.
6:44 of 1st period - Stopped by Marc-Andre Fleury without a rebound.
6:45 of 1st period - Brad Richards wins face-off versus Nik Antropov in Penguins zone.
6:45 of 1st period - Brad Richards is hit by Ryan Malone.
6:53 of 1st period - Shot by Nik Antropov.
6:53 of 1st period - Shot Misses the Net.
7:04 of 1st period - Evgeni Malkin is hit by Mark Giordano and loses puck.
7:15 of 1st period - Minor Penalty to Mark Giordano for Tripping.
7:16 of 1st period - Antoine Vermette wins face-off versus Martin Hanzal in Thrashers zone.
7:27 of 1st period - Shot by Sami Salo.
7:27 of 1st period - Shot Misses the Net.
7:29 of 1st period - Shot by Joel Ward.
7:29 of 1st period - Shot Blocked by Dan Girardi.
7:31 of 1st period - Shot by Evgeni Malkin.
7:31 of 1st period - Stopped by Roberto Luongo without a rebound.
7:32 of 1st period - Antoine Vermette wins face-off versus Brad Richards in Thrashers zone.
9:07 of 1st period - Shot by Rob Blake.
9:07 of 1st period - Shot Misses the Net.
9:09 of 1st period - Shot by Brad Richards.
9:09 of 1st period - Stopped by Roberto Luongo without a rebound.
9:10 of 1st period - Brad Richards wins face-off versus Antoine Vermette in Thrashers zone.
9:13 of 1st period - Shot by Brad Richards.
9:13 of 1st period - Stopped by Roberto Luongo without a rebound.
9:14 of 1st period - Brenden Morrow wins face-off versus Pascal Dupuis in Thrashers zone.
9:26 of 1st period - Icing by Zach Bogosian.
9:27 of 1st period - Martin Hanzal wins face-off versus Mike Ribeiro in Penguins zone.
9:27 of 1st period - Martin Hanzal is hit by Ryan Callahan.
9:28 of 1st period - Minor Penalty to Rene Bourque for Tripping.
9:29 of 1st period - Antoine Vermette wins face-off versus Brad Richards in Thrashers zone.
10:02 of 1st period - Icing by Marian Hossa.
10:03 of 1st period - Brad Richards wins face-off versus Brenden Morrow in Penguins zone.
10:21 of 1st period - Minor Penalty to Antoine Vermette for Interference.
10:22 of 1st period - Martin Hanzal wins face-off versus Jordan Staal in Thrashers zone.
10:51 of 1st period - Shot by Sami Salo.
10:51 of 1st period - Stopped by Roberto Luongo without a rebound.
10:52 of 1st period - Brad Richards wins face-off versus Brenden Morrow in Thrashers zone.
11:30 of 1st period - Rob Blake is hit by Dan Girardi and loses puck.
11:44 of 1st period - Icing by Martin Hanzal.
11:45 of 1st period - Ryan Malone wins face-off versus Martin Hanzal in Penguins zone.
12:00 of 1st period - Shot by Brooks Orpik.
12:00 of 1st period - Goal by Brooks Orpik - Thrashers : 0 - Penguins : 1.
12:01 of 1st period - Marian Hossa wins face-off versus Nik Antropov in neutral zone.
12:01 of 1st period - Marian Hossa is hit by Ryan Malone.
12:08 of 1st period - Patrick Sharp is hit by Mark Giordano and loses puck.
12:25 of 1st period - Marian Hossa is hit by Ryan Suter and loses puck.
12:32 of 1st period - Shot by Zach Bogosian.
12:32 of 1st period - Stopped by Roberto Luongo without a rebound.
12:33 of 1st period - Jordan Staal wins face-off versus Brad Richards in Thrashers zone.
13:02 of 1st period - Brad Richards is hit by Jordan Staal and loses puck.
13:07 of 1st period - Troy Bodie is hit by Guillaume Latendresse and loses puck.
13:39 of 1st period - Shot by Rene Bourque.
13:39 of 1st period - Shot Blocked by Martin Hanzal.
13:51 of 1st period - Shot by Patrick Sharp.
13:51 of 1st period - Shot Blocked by Dan Girardi.
13:55 of 1st period - Shot by Patrick Sharp.
13:55 of 1st period - Stopped by Roberto Luongo with a rebound.
13:57 of 1st period - Shot by Patrick Sharp.
13:57 of 1st period - Deflect By Tanner Glass.
13:57 of 1st period - Shot Misses the Net.
13:59 of 1st period - Shot by Martin Hanzal.
13:59 of 1st period - Stopped by Roberto Luongo with a rebound.
14:01 of 1st period - Shot by Martin Hanzal.
14:01 of 1st period - Goal by Martin Hanzal - Thrashers : 0 - Penguins : 2.
14:02 of 1st period - Nik Antropov wins face-off versus John Tavares in neutral zone.
14:08 of 1st period - Minor Penalty to Pascal Dupuis for Hooking.
14:09 of 1st period - Nik Antropov wins face-off versus Marian Hossa in Penguins zone.
14:10 of 1st period - Shot by Christian Ehrhoff.
14:10 of 1st period - Stopped by Marc-Andre Fleury without a rebound.
14:11 of 1st period - Nik Antropov wins face-off versus Marian Hossa in Penguins zone.
14:46 of 1st period - Pavel Kubina is hit by Brenden Morrow and loses puck.
16:23 of 1st period - Shot by Mark Parrish.
16:23 of 1st period - Shot Blocked by Jordan Staal.
16:26 of 1st period - Icing by Sergei Gonchar.
16:27 of 1st period - Martin Hanzal wins face-off versus Jordan Staal in Thrashers zone.
16:27 of 1st period - Martin Hanzal is hit by Sergei Gonchar.
16:29 of 1st period - Shot by John-Michael Liles.
16:29 of 1st period - Stopped by Roberto Luongo without a rebound.
16:30 of 1st period - Pascal Dupuis wins face-off versus Mike Ribeiro in Thrashers zone.
16:30 of 1st period - Pascal Dupuis is hit by Dan Girardi.
16:34 of 1st period - Shot by John Tavares.
16:34 of 1st period - Stopped by Roberto Luongo without a rebound.
16:35 of 1st period - Mike Ribeiro wins face-off versus Martin Hanzal in Thrashers zone.
16:46 of 1st period - Shot by Christian Ehrhoff.
16:46 of 1st period - Shot Misses the Net.
16:50 of 1st period - Shot by Ryan Callahan.
16:50 of 1st period - Deflect By Rene Bourque.
16:50 of 1st period - Shot Blocked by Patrick Sharp.
16:52 of 1st period - Shot by Ryan Callahan.
16:52 of 1st period - Shot Misses the Net.
16:54 of 1st period - Shot by Ryan Callahan.
16:54 of 1st period - Stopped by Marc-Andre Fleury without a rebound.
16:55 of 1st period - Brad Richards wins face-off versus Nik Antropov in Penguins zone.
17:13 of 1st period - Shot by Brad Richards.
17:13 of 1st period - Shot Blocked by Mark Giordano.
17:15 of 1st period - Shot by Mark Parrish.
17:15 of 1st period - Stopped by Roberto Luongo without a rebound.
17:16 of 1st period - Jordan Staal wins face-off versus John Tavares in Thrashers zone.
17:43 of 1st period - Pascal Dupuis is hit by P.K. Subban and loses puck.
18:03 of 1st period - John Tavares is hit by Ryan Callahan and loses puck.
18:13 of 1st period - Icing by Christian Ehrhoff.
18:14 of 1st period - Mike Ribeiro wins face-off versus Martin Hanzal in Thrashers zone.
18:32 of 1st period - Off-side.
18:33 of 1st period - Ryan Malone wins face-off versus Brad Richards in neutral zone.
18:38 of 1st period - Shot by Benoit Pouliot.
18:38 of 1st period - Stopped by Marc-Andre Fleury without a rebound.
18:39 of 1st period - Nik Antropov wins face-off versus Brad Richards in Penguins zone.
18:56 of 1st period - Shot by Nik Antropov.
18:56 of 1st period - Shot Misses the Net.
19:00 of 1st period - Shot by Nik Antropov.
19:00 of 1st period - Stopped by Marc-Andre Fleury without a rebound.
19:01 of 1st period - Martin Hanzal wins face-off versus Mike Ribeiro in Penguins zone.
19:32 of 1st period - Icing by Zach Bogosian.
19:33 of 1st period - Martin Hanzal wins face-off versus Nik Antropov in Penguins zone.
19:43 of 1st period - Icing by Benoit Pouliot.
19:44 of 1st period - Nik Antropov wins face-off versus Brad Richards in Thrashers zone.
19:51 of 1st period - Pavel Kubina is hit by Ryan Malone and loses puck.

Period #2

0:01 of 2nd period - Brad Richards wins face-off versus Jordan Staal in neutral zone.
0:14 of 2nd period - Shot by Jordan Staal.
0:14 of 2nd period - Deflect By Guillaume Latendresse.
0:14 of 2nd period - Stopped by Marc-Andre Fleury without a rebound.
0:15 of 2nd period - Mike Ribeiro wins face-off versus John Tavares in Penguins zone.
0:54 of 2nd period - Shot by John Tavares.
0:54 of 2nd period - Shot Blocked by Dan Girardi.
1:49 of 2nd period - Shot by Guillaume Latendresse.
1:49 of 2nd period - Shot Blocked by Pavel Kubina.
1:51 of 2nd period - Shot by Antoine Vermette.
1:51 of 2nd period - Goal by Antoine Vermette - Thrashers : 1 - Penguins : 2.
1:52 of 2nd period - Nik Antropov wins face-off versus Martin Hanzal in neutral zone.
1:56 of 2nd period - Off-side.
1:57 of 2nd period - Nik Antropov wins face-off versus Martin Hanzal in neutral zone.
2:34 of 2nd period - Shot by Benoit Pouliot.
2:34 of 2nd period - Shot Misses the Net.
2:37 of 2nd period - Icing by Patrick Sharp.
2:38 of 2nd period - Jordan Staal wins face-off versus Martin Hanzal in Penguins zone.
2:57 of 2nd period - Pascal Dupuis is hit by Jordan Staal and loses puck.
2:59 of 2nd period - Minor Penalty to Jordan Staal for Roughing.
3:00 of 2nd period - Antoine Vermette wins face-off versus Brad Richards in Thrashers zone.
3:05 of 2nd period - Marc Staal is hit by Marian Hossa and loses puck.
3:10 of 2nd period - Shot by Brad Richards.
3:10 of 2nd period - Stopped by Roberto Luongo without a rebound.
3:11 of 2nd period - Antoine Vermette wins face-off versus Evgeni Malkin in Thrashers zone.
3:36 of 2nd period - Shot by Evgeni Malkin.
3:36 of 2nd period - Shot Misses the Net.
3:38 of 2nd period - Shot by Brooks Orpik.
3:38 of 2nd period - Shot Misses the Net.
3:40 of 2nd period - Shot by Martin Hanzal.
3:40 of 2nd period - Shot Misses the Net.
3:42 of 2nd period - Shot by Sami Salo.
3:42 of 2nd period - Goal by Sami Salo - Thrashers : 1 - Penguins : 3.
3:43 of 2nd period - Nik Antropov wins face-off versus Brad Richards in neutral zone.
3:59 of 2nd period - Shot by Brad Richards.
3:59 of 2nd period - Shot Misses the Net.
4:01 of 2nd period - Shot by Pavel Kubina.
4:01 of 2nd period - Shot Misses the Net.
4:03 of 2nd period - Shot by Mark Eaton.
4:03 of 2nd period - Shot Blocked by Ryan Suter.
4:19 of 2nd period - Shot by Brad Richards.
4:19 of 2nd period - Deflect By Mark Parrish.
4:19 of 2nd period - Stopped by Roberto Luongo without a rebound.
4:20 of 2nd period - Mike Ribeiro wins face-off versus John Tavares in Thrashers zone.
4:41 of 2nd period - Shot by Marian Hossa.
4:41 of 2nd period - Shot Misses the Net.
6:09 of 2nd period - Antoine Vermette is hit by Zach Bogosian and loses puck.
6:21 of 2nd period - Icing by Zach Bogosian.
6:22 of 2nd period - Martin Hanzal wins face-off versus Nik Antropov in Penguins zone.
6:57 of 2nd period - Off-side.
6:58 of 2nd period - Mike Ribeiro wins face-off versus Brad Richards in neutral zone.
7:27 of 2nd period - Minor Penalty to Pavel Kubina for Holding.
7:28 of 2nd period - Nik Antropov wins face-off versus Marian Hossa in Penguins zone.
9:56 of 2nd period - Icing by Mark Eaton.
9:57 of 2nd period - Martin Hanzal wins face-off versus Mike Ribeiro in Penguins zone.
10:05 of 2nd period - Icing by Mark Eaton.
10:06 of 2nd period - Brad Boyes wins face-off versus Martin Hanzal in Penguins zone.
10:24 of 2nd period - Off-side.
10:25 of 2nd period - Brad Richards wins face-off versus Nik Antropov in neutral zone.
10:27 of 2nd period - Off-side.
10:28 of 2nd period - Jordan Staal wins face-off versus Pascal Dupuis in neutral zone.
10:30 of 2nd period - Minor Penalty to Brooks Orpik for Tripping.
10:31 of 2nd period - Nik Antropov wins face-off versus Brad Richards in Penguins zone.
10:41 of 2nd period - Icing by Brenden Morrow.
10:42 of 2nd period - Brad Richards wins face-off versus Nik Antropov in Thrashers zone.
10:58 of 2nd period - Icing by Ryan Suter.
10:59 of 2nd period - Marian Hossa wins face-off versus Nik Antropov in Thrashers zone.
12:00 of 2nd period - Shot by Sergei Gonchar.
12:00 of 2nd period - Shot Blocked by Pavel Kubina.
12:32 of 2nd period - Shot by Patrick Sharp.
12:32 of 2nd period - Shot Misses the Net.
12:34 of 2nd period - Shot by Martin Hanzal.
12:34 of 2nd period - Shot Misses the Net.
12:36 of 2nd period - Shot by Patrick Sharp.
12:36 of 2nd period - Stopped by Roberto Luongo with a rebound.
12:42 of 2nd period - Shot by Zach Bogosian.
12:42 of 2nd period - Shot Misses the Net.
13:18 of 2nd period - Off-side.
13:19 of 2nd period - John Tavares wins face-off versus Mike Ribeiro in neutral zone.
13:38 of 2nd period - Shot by Ryan Callahan.
13:38 of 2nd period - Stopped by Marc-Andre Fleury without a rebound.
13:39 of 2nd period - Brenden Morrow wins face-off versus Brad Richards in Penguins zone.
13:57 of 2nd period - Minor Penalty to P.K. Subban for Roughing.
13:58 of 2nd period - Brenden Morrow wins face-off versus Martin Hanzal in Thrashers zone.
14:31 of 2nd period - Shot by Brooks Orpik.
14:31 of 2nd period - Stopped by Roberto Luongo without a rebound.
14:32 of 2nd period - Antoine Vermette wins face-off versus Brad Richards in Thrashers zone.
14:32 of 2nd period - Antoine Vermette is hit by Marian Hossa.
14:52 of 2nd period - Shot by Antoine Vermette.
14:52 of 2nd period - Shot Blocked by Pavel Kubina.
15:03 of 2nd period - Minor Penalty to Jordan Staal for Cross-checking.
15:04 of 2nd period - Martin Hanzal wins face-off versus Nik Antropov in Thrashers zone.
15:09 of 2nd period - Shot by Sami Salo.
15:09 of 2nd period - Stopped by Roberto Luongo without a rebound.
15:10 of 2nd period - Martin Hanzal wins face-off versus Nik Antropov in Thrashers zone.
15:17 of 2nd period - Shot by Evgeni Malkin.
15:17 of 2nd period - Stopped by Roberto Luongo with a rebound.
15:19 of 2nd period - Shot by Joel Ward.
15:19 of 2nd period - Stopped by Roberto Luongo without a rebound.
15:20 of 2nd period - Antoine Vermette wins face-off versus Brad Richards in Thrashers zone.
15:35 of 2nd period - Shot by Zach Bogosian.
15:35 of 2nd period - Stopped by Roberto Luongo without a rebound.
15:36 of 2nd period - Antoine Vermette wins face-off versus Martin Hanzal in Thrashers zone.
15:52 of 2nd period - Icing by Evgeni Malkin.
15:53 of 2nd period - Brenden Morrow wins face-off versus Martin Hanzal in Penguins zone.
15:53 of 2nd period - Brenden Morrow is hit by Brooks Orpik.
16:03 of 2nd period - Marc Staal is hit by Martin Hanzal and loses puck.
16:50 of 2nd period - Icing by Rob Blake.
16:51 of 2nd period - Brad Richards wins face-off versus Ryan Malone in Penguins zone.
18:10 of 2nd period - Shot by Troy Bodie.
18:10 of 2nd period - Stopped by Roberto Luongo without a rebound.
18:11 of 2nd period - Jordan Staal wins face-off versus John Tavares in Thrashers zone.
19:21 of 2nd period - Icing by Pavel Kubina.
19:22 of 2nd period - Mark Parrish wins face-off versus Nik Antropov in Penguins zone.
19:34 of 2nd period - Minor Penalty to Troy Bodie for Hooking.
19:35 of 2nd period - Evgeni Malkin wins face-off versus Nik Antropov in Penguins zone.

Period #3

0:01 of 3rd period - Marian Hossa wins face-off versus Ryan Callahan in neutral zone.
0:19 of 3rd period - Shot by Mike Ribeiro.
0:19 of 3rd period - Shot Misses the Net.
1:23 of 3rd period - Shot by Christian Ehrhoff.
1:23 of 3rd period - Shot Misses the Net.
1:25 of 3rd period - Shot by Ryan Suter.
1:25 of 3rd period - Stopped by Marc-Andre Fleury without a rebound.
1:26 of 3rd period - Nik Antropov wins face-off versus Marian Hossa in Penguins zone.
1:46 of 3rd period - Icing by John-Michael Liles.
1:47 of 3rd period - Brad Boyes wins face-off versus Martin Hanzal in Penguins zone.
1:55 of 3rd period - Shot by Martin Hanzal.
1:55 of 3rd period - Shot Misses the Net.
1:57 of 3rd period - Shot by Martin Hanzal.
1:57 of 3rd period - Stopped by Roberto Luongo without a rebound.
1:58 of 3rd period - Brad Richards wins face-off versus Jordan Staal in Thrashers zone.
2:37 of 3rd period - Shot by Troy Bodie.
2:37 of 3rd period - Stopped by Roberto Luongo without a rebound.
2:38 of 3rd period - John Tavares wins face-off versus Mike Ribeiro in Thrashers zone.
3:17 of 3rd period - Shot by Ryan Callahan.
3:17 of 3rd period - Deflect By Mike Ribeiro.
3:17 of 3rd period - Stopped by Marc-Andre Fleury without a rebound.
3:18 of 3rd period - Nik Antropov wins face-off versus Martin Hanzal in Penguins zone.
3:44 of 3rd period - Minor Penalty to John-Michael Liles for Tripping.
3:45 of 3rd period - Nik Antropov wins face-off versus Marian Hossa in Penguins zone.
3:45 of 3rd period - Ryan Suter is hit by Pavel Kubina and loses puck.
3:48 of 3rd period - Shot by Ryan Suter.
3:48 of 3rd period - Shot Misses the Net.
3:50 of 3rd period - Shot by Brenden Morrow.
3:50 of 3rd period - Shot Blocked by Marian Hossa.
3:50 of 3rd period - Marian Hossa from Penguins is injured at 3:50 of 3rd period (Abdominal Strain).
3:51 of 3rd period - Brad Richards wins face-off versus Mike Ribeiro in Penguins zone.
5:17 of 3rd period - Sergei Gonchar is hit by Martin Hanzal and loses puck.
5:38 of 3rd period - Shot by Antoine Vermette.
5:38 of 3rd period - Shot Blocked by Sami Salo.
5:40 of 3rd period - Shot by Rene Bourque.
5:40 of 3rd period - Stopped by Marc-Andre Fleury without a rebound.
5:41 of 3rd period - Brad Richards wins face-off versus Nik Antropov in Penguins zone.
6:03 of 3rd period - Ryan Malone is hit by Brooks Orpik and loses puck.
6:13 of 3rd period - Minor Penalty to Mark Giordano for Boarding.
6:14 of 3rd period - Brad Richards wins face-off versus Antoine Vermette in Thrashers zone.
7:30 of 3rd period - Shot by Patrick Sharp.
7:30 of 3rd period - Shot Blocked by Marc Staal.
7:34 of 3rd period - Shot by Brad Richards.
7:34 of 3rd period - Shot Misses the Net.
7:36 of 3rd period - Shot by Zach Bogosian.
7:36 of 3rd period - Stopped by Roberto Luongo without a rebound.
7:37 of 3rd period - Nik Antropov wins face-off versus Patrick Sharp in Thrashers zone.
8:35 of 3rd period - Shot by Nik Antropov.
8:35 of 3rd period - Stopped by Marc-Andre Fleury with a rebound.
8:37 of 3rd period - Shot by Benoit Pouliot.
8:37 of 3rd period - Shot Misses the Net.
8:41 of 3rd period - Shot by Ryan Malone.
8:41 of 3rd period - Stopped by Marc-Andre Fleury with a rebound.
9:08 of 3rd period - Rene Bourque is hit by Pavel Kubina and loses puck.
13:15 of 3rd period - Icing by Antoine Vermette.
13:16 of 3rd period - Brad Richards wins face-off versus Antoine Vermette in Thrashers zone.
13:30 of 3rd period - Off-side.
13:31 of 3rd period - Nik Antropov wins face-off versus Martin Hanzal in neutral zone.
13:46 of 3rd period - Mark Giordano is hit by Tanner Glass and loses puck.
13:59 of 3rd period - Tanner Glass is hit by Ryan Malone and loses puck.
15:18 of 3rd period - Shot by Evgeni Malkin.
15:18 of 3rd period - Shot Blocked by P.K. Subban.
15:26 of 3rd period - Sami Salo is hit by Jordan Staal and loses puck.
16:59 of 3rd period - Patrick Sharp is hit by Brenden Morrow.
17:00 of 3rd period - Icing by Patrick Sharp.
17:01 of 3rd period - Martin Hanzal wins face-off versus Mike Ribeiro in Penguins zone.
17:01 of 3rd period - Martin Hanzal is hit by Ryan Callahan.
17:30 of 3rd period - Icing by Christian Ehrhoff.
17:31 of 3rd period - Mike Ribeiro wins face-off versus John Tavares in Thrashers zone.
18:02 of 3rd period - Shot by Evgeni Malkin.
18:02 of 3rd period - Stopped by Roberto Luongo without a rebound.
18:03 of 3rd period - John Tavares wins face-off versus Jordan Staal in Thrashers zone.
18:43 of 3rd period - Shot by Antoine Vermette.
18:43 of 3rd period - Stopped by Marc-Andre Fleury without a rebound.
18:44 of 3rd period - Brad Richards wins face-off versus Nik Antropov in Penguins zone.
18:58 of 3rd period - Minor Penalty to Ryan Suter for Interference.
18:59 of 3rd period - Evgeni Malkin wins face-off versus Antoine Vermette in Thrashers zone.


Output by the SimonT Hockey Simulator (STHS) for Stephane Roy -- Original Page W3C XHTML 1.0 Valid